 Dungeon Crawl Stone Soup version 0.23.1-37-gaa34b87b72 (webtiles) character file.

Game seed: 7586567769313812648

256 H0rd4k the Magician (level 5, -6/28 HPs)
             Began as a Deep Elf Wizard on Mar 26, 2019.
             Killed from afar by an orc wizard (9 damage)
             ... with a magic dart
             ... on level 3 of the Dungeon on Mar 27, 2019.
             The game lasted 00:08:59 (3582 turns).

H0rd4k the Magician (Deep Elf Wizard)               Turns: 3582, Time: 00:08:59

Health: -6/28      AC:  6    Str:  4    XL:     5   Next: 92%
Magic:  1/16       EV: 13    Int: 24    God:
Gold:   207        SH:  4    Dex: 13    Spells: 12/18 levels left

rFire    . . .     SeeInvis +   (no weapon)
rCold    . . .     Gourm    .   (no shield)
rNeg     . . .     Faith    .   a - +0 robe
rPois    .         Spirit   .   j - +2 helmet
rElec    .         Reflect  +   t - scarf {cloud immunity}
rCorr    .         Harm     .   (no gloves)
MR       .....                  i - +0 pair of boots
Stlth    ++........             p - +4 amulet of reflection
HPRegen  0.09/turn              o - ring of see invisible
MPRegen  0.15/turn              (no ring)

@: very slightly contaminated, slowed, very slow
A: no striking features
a: no special abilities


You were on level 3 of the Dungeon.
You were hungry.

You visited 1 branch of the dungeon, and saw 3 of its levels.

You collected 207 gold pieces.

Inventory:

Hand Weapons
 n - a +1 hunting sling of flaming
 x - a +1 short sword of venom
Armour
 a - a +0 robe (worn)
 b - a +0 hat
 g - a +0 helmet
 i - a +0 pair of boots (worn)
 j - a +2 helmet (worn)
 t - a scarf of cloud immunity (worn)
Jewellery
 o - a ring of see invisible (left hand)
 p - a +4 amulet of reflection (around neck)
 q - an uncursed amulet of harm {unknown}
 s - an uncursed amulet of the acrobat {unknown}
Scrolls
 c - 9 scrolls of identify {unknown}
 f - 2 scrolls of immolation {unknown}
 l - 2 scrolls of remove curse {unknown}
 m - a scroll of random uselessness {unknown}
 r - a scroll of magic mapping {unknown}
Potions
 e - 3 potions of curing {unknown}
 h - 2 potions of lignification {unknown}
 k - a potion of ambrosia {unknown}
 u - a potion of resistance {unknown}
 v - 2 potions of cancellation {unknown}
 w - a potion of brilliance {unknown}
Comestibles
 d - 6 rations


   Skills:
 + Level 3.3 Dodging
 + Level 2.8 Stealth
 + Level 7.3 Spellcasting
 + Level 3.1 Conjurations
   Level 1.1 Summonings
 + Level 1.4 Translocations
 + Level 0.9 Fire Magic


You had 12 spell levels left.
You knew the following spells:

 Your Spells              Type           Power        Failure   Level  Hunger
a - Magic Dart            Conj           ###.         1%          1    None
b - Blink                 Tloc           N/A          6%          2    None
c - Conjure Flame         Conj/Fire      ###.....     9%          3    None

Your spell library contained the following spells:

 Spells                   Type           Power        Failure   Level  Hunger
 Call Imp                 Summ           ##......     7%          2    None
 Slow                     Hex            #.......     11%         2    None
 Mephitic Cloud           Conj/Pois/Air  ##......     14%         3    None


Dungeon Overview and Level Annotations

Branches:
Dungeon (3/15)

Altars:
Fedhas
Uskayaw

Annotations:
D:1 exclusion: downstairs


Message History

The magic dart hits the orc wizard but does no damage.
The orc wizard is severely wounded.
The orc wizard hits you with a +0 club.
The orc wizard points at you and mumbles some strange words.
The magic dart hits you.
The orc wizard points at you and mumbles some strange words.
You feel yourself slow down.
You aren't carrying any items that you can evoke.
The orc wizard barely misses you.
There is an open door here.
The orc wizard casts a spell at you. The magic dart hits you.
The orc wizard gestures wildly while chanting.
The orc wizard blinks!
The orc wizard casts a spell at you. The magic dart hits you!
* * * LOW HITPOINT WARNING * * *
The orc wizard casts a spell at you. The magic dart hits you!
You die...

.# #.##.)..#.###.. .# ..
##g#.# # .# . #.#.# .# ##.
#g#.. .# #.. ##'#### .# #.#
##o..## .# #.#### ##.....##
.# #.##.## ##...(...#
.######.#...####@......o.#
...............'.........'.
.######.#...####.........###
.# #.##.## ##.......## ##
#.#### ##.....## #.# ##...##
#.# #+## #.. #.#


You could see an orc wizard, an orc and a goblin.

Vanquished Creatures
  A hound (D:2)
  An orc wizard (D:3)
  8 gnolls
  3 adders
  2 oozes
  A worm (D:2)
  3 dart slugs
  3 leopard geckos (D:3)
  7 orcs (D:3)
  3 ball pythons (D:2)
  2 giant cockroaches (D:1)
  11 goblins
  A hobgoblin (D:2)
  2 quokkas (D:2)
  12 bats
  7 frilled lizards
  7 kobolds
  6 rats
80 creatures vanquished.

Notes
Turn   | Place    | Note
-------+----------+-------------------------------------------
     0 | D:1      | H0rd4k the Deep Elf Wizard began the quest for the Orb.
     0 | D:1      | Reached XP level 1. HP: 10/10 MP: 7/7
   388 | D:1      | Reached XP level 2. HP: 15/15 MP: 5/9
   390 | D:1      | Reached skill level 5 in Spellcasting
   862 | D:1      | Reached XP level 3. HP: 19/19 MP: 9/12
   866 | D:1      | Learned a level 2 spell: Blink
   870 | D:1      | Learned a level 3 spell: Conjure Flame
   964 | D:2      | Found a blossoming altar of Fedhas.
  1492 | D:2      | Reached skill level 6 in Spellcasting
  1888 | D:2      | Reached XP level 4. HP: 14/24 MP: 2/14
  2478 | D:2      | Reached XP level 5. HP: 28/28 MP: 6/16
  2742 | D:2      | Found a hide-covered altar of Uskayaw.
  3163 | D:3      | Reached skill level 7 in Spellcasting
  3582 | D:3      | Killed from afar by an orc wizard

Skill      XL: |  1  2  3  4  5 |
---------------+----------------+-----
Spellcasting   | 5 6 7 |  7.3
Dodging        | 3 |  3.3
Conjurations   | 2 3 |  3.1
Stealth        | |  2.8
Summonings     | |  1.1
Translocations | |  1.4
Fire Magic     | |  0.9

Action                   |  1- 3 |  4- 6 || total
-------------------------+-------+-------++-------
 Cast: Magic Dart        |   126 |   124 ||   250
       Conjure Flame     |     3 |     5 ||     8
       Blink             |       |     4 ||     4
  Eat: Chunk             |     3 |     4 ||     7
Armor: Robe              |    12 |     7 ||    19
Dodge: Dodged            |    30 |    26 ||    56
Block: Other             |       |     4 ||     4
       Reflection        |       |     1 ||     1
